 Dungeon Crawl Stone Soup version 0.30-a0-218-gedb9141078 (webtiles) character file.

Game seed: 5922237254866025852

362 KennySheep the Trooper (level 6, 0/65 HPs)
             Began as an Ogre Gladiator on Oct 6, 2022.
             Was an Initiate of Okawaru.
             Slain by Pikel
             ... wielding a +2 whip of freezing
              (4 damage)
             ... on level 4 of the Dungeon.
             The game lasted 00:06:44 (2377 turns).

KennySheep the Trooper (Ogre Gladiator)             Turns: 2377, Time: 00:06:45

Health: 0/65       AC:  3    Str: 21    XL:     6   Next: 66%
Magic:  5/7        EV: 12    Int:  9    God:    Okawaru [......]
Gold:   169        SH:  0    Dex: 10    Spells: 5/5 levels left

rFire   . . .      SeeInvis .    a - +0 flail
rCold   . . .      Faith    .    (no shield)
rNeg    . . .      Spirit   .    b - +0 robe
rPois   .          Reflect  .    c - +0 hat
rElec   .          Harm     .    (no cloak)
rCorr   .          Rampage  .    (gloves unavailable)
Will    .....                    (boots unavailable)
Stlth   +++.......               (no amulet)
HPRegen 0.30/turn                (no ring)
MPRegen 0.10/turn                (no ring)

@: heroic
A: large, unfitting armour, tough skin 1
a: Renounce Religion


You were on level 4 of the Dungeon.
You worshipped Okawaru.
Okawaru was noncommittal.
You visited 1 branch of the dungeon, and saw 4 of its levels.

You collected 169 gold pieces.

Inventory:

Hand Weapons
 a - a +0 flail (weapon)
Missiles
 e - a large rock (quivered)
 l - 3 stones
 m - 2 boomerangs
Armour
 b - a +0 robe (worn)
 c - a +0 hat (worn)
Wands
 p - a wand of flame (24)
Scrolls
 g - a scroll of magic mapping {unknown}
 i - a scroll of vulnerability {unknown}
 j - a scroll of amnesia
 k - a scroll of noise {unknown}
Potions
 f - a potion of curing
 h - 2 potions of heal wounds
 n - a potion of degeneration {unknown}
 o - a potion of attraction {unknown}


   Skills:
 + Level 4.8(9.8) Fighting
 + Level 3.8(8.8) Maces & Flails
 * Level 4.7(9.7) Throwing
 - Level 2.6(7.6) Dodging
 + Level 2.2 Invocations


You had 5 spell levels left.
You didn't know any spells.
Your spell library contained the following spells:

 Spells                   Type           Power      Damage    Failure   Level
 Sting                    Tmut/Pois      0%         1d3       38%         1
 Poisonous Vapours        Pois/Air       0%         N/A       52%         2
 Gell's Gravitas          Tloc           0%         N/A       77%         3
 Inner Flame              Hex/Fire       0%         N/A       77%         3
 Lesser Beckoning         Tloc           0%         N/A       77%         3
 Teleport Other           Tloc           0%         N/A       77%         3
 Cause Fear               Hex            0%         N/A       99%         4
 Olgreb's Toxic Radiance  Pois           0%         N/A       99%         4
 Discord                  Hex            0%         N/A       100%        8


Dungeon Overview and Level Annotations

Branches:
Dungeon (4/15)
 Temple: D:4-7

Altars:
Kikubaaqudgha
Okawaru

Shops:
D:3 :

Annotations:
D:3 Sigmund
D:4 Pikel


Innate Abilities, Weirdness & Mutations

You are too large for most types of armour.
You have tough skin. (AC +1)


Message History

Pikel hits you with a +2 whip of freezing!
Pikel freezes you. The lemure closely misses you.
Throw: 3 throwing nets
Press: ? - help, Q - select action, (/) - cycle Shift-Dir - straight line, f/p - Pikel
Aim: Pikel, wielding a +2 whip of freezing and wearing a +2 robe of cold resistance (53% to hit)
You throw a throwing net. The throwing net barely misses Pikel.
Throw: 2 throwing nets
Press: ? - help, Q - select action, (/) - cycle Shift-Dir - straight line, f/p - Pikel
Aim: Pikel, wielding a +2 whip of freezing and wearing a +2 robe of cold resistance (53% to hit)
You throw a throwing net. The throwing net closely misses Pikel.
Pikel hits you with a +2 whip of freezing!
Pikel freezes you. The lemure closely misses you. The lemure hits you.
Throw: throwing net
Press: ? - help, Q - select action, (/) - cycle Shift-Dir - straight line, f/p - Pikel
Aim: Pikel, wielding a +2 whip of freezing and wearing a +2 robe of cold resistance (53% to hit)
You throw a throwing net. The throwing net hits Pikel.
Pikel is caught in the net!
Pikel struggles against the net.
The lemure hits you! The lemure hits you.
You hit Pikel but do no damage.
Pikel struggles against the net.
The lemure barely misses you. The lemure hits you!
* * * LOW HITPOINT WARNING * * *
You gain the combat prowess of a mighty hero.
You can no longer gain great but temporary skills.
Pikel struggles against the net.
The lemure hits you but does no damage. The lemure barely misses you.
You hit Pikel but do no damage.
Pikel struggles against the net.
The lemure hits you.
* * * LOW HITPOINT WARNING * * *
The lemure misses you.
You hit Pikel but do no damage.
Pikel struggles against the net.
The net rips apart, and Pikel comes free!
The lemure closely misses you. The lemure hits you.
* * * LOW HITPOINT WARNING * * *
The lemure hits you!
* * * LOW HITPOINT WARNING * * *
Pikel attacks as you move away!
Pikel hits you with a +2 whip of freezing!
* * * LOW HITPOINT WARNING * * *
Pikel freezes you.
You die...

#............## #..#####......#
#####......######.## ### ########
#....#..........#..###.###..#...#
#....+..........+.......'...#...#
#....#.....##..##.......#...#...'
#....###...##..#####....#...#...#
########...##..#...#....#...'...#
#.........#...'@K5#....#..######
#.........'...#.55'....#..##...#
#.........#########....#........
#....##...##..##.......#........
#######........'.......#..##....
#....#.........#.5.....#..###+##
#....'....##..##.......#..#.....
#...########..#....#####..#.....
##'## #..#...5#..#...#.....


You could see Pikel and 3 lemures.

Vanquished Creatures
  Pargi (D:4)
  An ogre (D:4)
  2 orc priests (D:4)
  Natasha (twice) (D:4)
  An adder (D:2)
  3 dart slugs
  An orc (D:4)
  3 bats
  3 endoplasms (D:1)
  13 giant cockroaches
  2 goblins
  7 hobgoblins
  3 jackals (D:1)
  2 kobolds
  2 quokkas (D:1)
  7 ball pythons
  3 frilled lizards (D:1)
  4 rats
60 creatures vanquished.

Notes
Turn   | Place    | Note
-------+----------+-------------------------------------------
     0 | D:1      | KennySheep the Ogre Gladiator began the quest for the Orb.
     0 | D:1      | Reached XP level 1. HP: 22/22 MP: 1/1
   154 | D:1      | Reached XP level 2. HP: 27/29 MP: 2/2
   381 | D:1      | Reached XP level 3. HP: 29/37 MP: 3/3
  1040 | D:2      | Found an iron altar of Okawaru.
  1123 | D:2      | Found a faded altar of an unknown god.
  1137 | D:2      | Became a worshipper of Warmaster Okawaru
  1410 | D:3      | Found Pelielaj's Book Shop.
  1533 | D:3      | Reached XP level 4. HP: 45/45 MP: 4/4
  1596 | D:3      | Noticed Sigmund
  1645 | D:4      | Noticed Pargi
  1662 | D:4      | Killed Pargi
  1663 | D:4      | Reached skill level 1 in Invocations
  1663 | D:4      | Reached XP level 5. HP: 39/54 MP: 5/5
  1798 | D:4      | Noticed an ogre
  1800 | D:4      | Noticed Natasha
  1805 | D:4      | Killed an ogre
  1806 | D:4      | Reached XP level 6. HP: 61/63 MP: 5/7
  1811 | D:4      | Killed Natasha
  1836 | D:4      | Noticed Natasha
  1847 | D:4      | Killed Natasha
  1847 | D:4      | Reached * piety under Okawaru
  2082 | D:4      | Found an ancient bone altar of Kikubaaqudgha.
  2352 | D:4      | Noticed Pikel
  2377 | D:4      | Slain by Pikel

Illustrated notes

Levels and vault maps discovered:
D:1:      dpeg_arrival_arbitrary_b, layout_basic, minmay_tree_intersection,
          minmay_bisected
D:2:      layout_basic, basic_altar, shapermc_ecumenical_altar_petra,
          chequers_mini_garden, kennysheep_flooded_box
D:3:      minmay_roachtagon, layout_basic, nzn_wu_jian_council_hall,
          serial_shops, shop, grunt_decor_fettered, uniq_ijyb, uniq_sigmund,
          uniq_grinder
D:4:      layout_gridville, mainiacjoe_overflow_alcove_2,
          pf_guarded_unrand_meek, uniq_pargi, uniq_pikel, uniq_natasha

Skill      XL: |  1  2  3  4  5  6 |
---------------+-------------------+-----
Fighting       | 3 4 |  4.8
Maces & Flails | 3 |  3.8
Throwing       | 3 4 |  4.7
Invocations    | 1 2 |  2.2
Dodging        | |  2.6

Action                   |  1- 3 |  4- 6 || total
-------------------------+-------+-------++-------
Melee: Flail             |   106 |    57 ||   163
       Punch             |     1 |       ||     1
Throw: Throwing net      |     2 |    11 ||    13
       Boomerang         |    11 |    10 ||    21
       Large rock        |       |     2 ||     2
       Stone             |       |     2 ||     2
Invok: Heroism           |       |     1 ||     1
  Use: Scroll            |       |     6 ||     6
       Potion            |       |     2 ||     2
Armor: Robe              |    41 |    21 ||    62
Dodge: Dodged            |    83 |    30 ||   113

Table legend: (Time is in decaauts)
 A = Elapsed time spent in this place.
 B = Non-inter-level travel time spent in this place.
 C = Inter-level travel time spent in this place.
 D = Time resting spent in this place.
 E = Time spent auto-exploring this place.
 F = Levels seen in this place.
 G = Mean time per level.
                   A        B        C        D        E       F      G
               +--------+--------+--------+--------+--------+-----+--------+
         Total |   2396 |   2318 |     78 |    120 |   1688 |   4 |  599.0 |
       Dungeon |   2396 |   2318 |     78 |    120 |   1688 |   4 |  599.0 |
               +--------+--------+--------+--------+--------+-----+--------+

Top non-repeatable levels by time:
     D:1: 841 daAuts
     D:4: 731 daAuts
     D:2: 537 daAuts
     D:3: 285 daAuts
